 Dungeon Crawl Stone Soup version 0.31.0-9-g3a7656b989 (webtiles) character file.

Game seed: 15496989683276622780

107 qw the Shooter (level 4, -3/22 HPs)
             Began as a Spriggan Hunter on Feb 2, 2024.
             Slain by Ijyb
             ... wielding a +0 club
              (4 damage)
             ... on level 3 of the Dungeon.
             The game lasted 00:00:05 (1500 turns).

qw the Shooter (Spriggan Hunter)                    Turns: 1500, Time: 00:00:06

Health: -3/22      AC:  2    Str:  7    XL:     4   Next: 57%
Magic:  5/5        EV: 20    Int: 10    God:
Gold:   128        SH:  5    Dex: 20    Spells: 3/3 levels left

rFire   . . .        a - +0 shortbow
rCold   . . .        (shield currently unavailable)
rNeg    . . .        c - +0 robe
rPois   .            (helmet restricted)
rElec   .            (no cloak)
rCorr   .            (gloves unavailable)
SInv    +            (boots unavailable)
Will    .....        g - amulet of reflection
Stlth   ++           (no ring)
HPRegen 0.23/turn    (no ring)
MPRegen 0.09/turn

%: reflection
@: very quick
A: very small, no large weapons, unfitting armour, see invisible, speed 3
a: no special abilities


You were on level 3 of the Dungeon.
You visited 1 branch of the dungeon, and saw 3 of its levels.

You collected 128 gold pieces.


Innate Abilities, Weirdness & Mutations

You are very small and have problems with some larger weapons.
You are too small for most types of armour.
You have supernaturally acute eyesight. (SInv)
You cover ground extremely quickly. (Speed+++)


   Skills:
 + Level 1.5 Fighting
 - Level 5.0 Ranged Weapons
 - Level 5.0 Dodging
 - Level 1.5 Stealth


You had 3 spell levels left.
You didn't know any spells.
Your spell library was empty.

Inventory:

Hand Weapons
 a - a +0 shortbow (weapon)
Armour
 c - a +0 robe (worn)
Jewellery
 g - an amulet of reflection (around neck)
Scrolls
 b - a scroll of identify
Potions
 d - a potion of mutation
 h - a potion of enlightenment {unknown}

Dungeon Overview and Level Annotations

Branches:
Dungeon (3/15)

Altars:
Nemelex Xobeh

Annotations:
D:3 Ijyb


Message History

You block Ijyb's attack.
You shoot an arrow. The arrow hits Ijyb but does no damage.
Ijyb is lightly wounded.
Ijyb hits you with a +0 club.
You shoot an arrow. The arrow barely misses Ijyb.
Ijyb hits you with a +0 club.
You shoot an arrow. The arrow hits Ijyb but does no damage.
Ijyb is lightly wounded.
Ijyb zaps a wand.
You suddenly lose the ability to move!
Ijyb hits you with a +0 club. x4
You can move again.
You shoot an arrow. The arrow hits Ijyb.
Ijyb is lightly wounded.
Ijyb misses you.
You shoot an arrow. The arrow hits Ijyb.
Ijyb is moderately wounded.
Ijyb hits you with a +0 club. You block Ijyb's attack.
You shoot an arrow. The arrow hits Ijyb.
Ijyb is moderately wounded.
Ijyb zaps a wand.
You easily resist.
You shoot an arrow. The arrow hits Ijyb but does no damage.
Ijyb is moderately wounded.
Ijyb hits you but does no damage.
You shoot an arrow. The arrow barely misses Ijyb.
Ijyb misses you.
You shoot an arrow. The arrow closely misses Ijyb.
Ijyb zaps a wand.
You easily resist.
You shoot an arrow. The arrow hits Ijyb but does no damage.
Ijyb is moderately wounded.
Ijyb closely misses you.
You shoot an arrow. The arrow barely misses Ijyb.
Ijyb barely misses you.
Ijyb zaps a wand.
You suddenly lose the ability to move!
Ijyb hits you but does no damage.
Ijyb zaps a wand.
You shrug off the repeated paralysis!
Ijyb hits you with a +0 club.
You can move again.
You shoot an arrow. The arrow hits Ijyb but does no damage.
Ijyb is moderately wounded.
Ijyb hits you with a +0 club.
You die...

##.<# #.........####...##
+.........+......[#
.........####...####
....... ##......# .....
#.>.....# ... #..#.##.#
#g# #..#.##.# #@#
#..#....# #.# #..###..#
### ##.#######..###..#
#_.. ##...##...........#
#...###.....#.####......#
#......#...##.# ###.#.##
###....##.###.# ####.#.#
##...######.###......#
##.............##.###


You could see Ijyb.

Vanquished Creatures
  A jelly (D:3)
  An adder (D:2)
  3 dart slugs
  An orc (D:3)
  7 ball pythons
  4 endoplasms (D:1)
  3 giant cockroaches
  8 goblins
  4 hobgoblins
  2 jackals (D:2)
  4 kobolds
  2 quokkas (D:1)
  7 bats
  3 frilled lizards
  6 rats
56 creatures vanquished.

Notes
Turn   | Place    | Note
-------+----------+-------------------------------------------
     0 | D:1      | qw the Spriggan Hunter began the quest for the Orb.
     0 | D:1      | Reached XP level 1. HP: 10/10 MP: 2/2
     0 | D:1      | 0 ||| qw: Version: 0.3-a-155-g5e7d8dd
     0 | D:1      | 0 ||| qw: Game counter: 186
     0 | D:1      | 0 ||| qw: Melee chars always use a shield: true
     0 | D:1      | 0 ||| qw: God list: Okawaru
     0 | D:1      | 0 ||| qw: Allow faded altars: false
     0 | D:1      | 0 ||| qw: Do Orc after clearing Dungeon:15 true
     0 | D:1      | 0 ||| qw: Do second Lair branch before Depths: true
     0 | D:1      | 0 ||| qw: Lair rune preference: random
     0 | D:1      | 0 ||| qw: Goals: Normal
     0 | D:1      | 0 ||| PLANNING D:1-11
    25 | D:1      | Reached skill level 3 in Dodging
    59 | D:1      | Found a faded altar of an unknown god.
    62 | D:1      | Reached XP level 2. HP: 14/14 MP: 3/3
   382 | D:1      | Reached XP level 3. HP: 18/18 MP: 4/4
   549 | D:1      | 549 ||| READING scroll labelled BUMNOD LESMOKH.
   583 | D:1      | 583 ||| DROPPING scroll of butterflies.
   707 | D:2      | 707 ||| FLEEEEING.
   709 | D:2      | 709 ||| FLEEEEING.
   710 | D:2      | 710 ||| FLEEEEING.
  1019 | D:2      | Reached XP level 4. HP: 22/22 MP: 5/5
  1277 | D:2      | 1277 ||| UPGRADING to amulet of reflection.
  1282 | D:2      | 1282 ||| READING 2 scrolls labelled JUIKHA ATEZOBO.
  1282 | D:2      | 1282 ||| IDENTIFYING murky grey potion
  1283 | D:2      | 1283 ||| READING scroll of identify.
  1283 | D:2      | 1283 ||| IDENTIFYING grey potion
  1284 | D:2      | 1284 ||| DRINKING 2 bubbling cyan potions.
  1285 | D:2      | 1285 ||| DROPPING potion of brilliance.
  1286 | D:2      | 1286 ||| DROPPING potion of attraction.
  1462 | D:3      | Found a sparkling altar of Nemelex Xobeh.
  1474 | D:3      | Noticed Ijyb
  1484 | D:3      | Paralysed by Ijyb for 5 turns
  1490 | D:3      | HP: 2/22 [Ijyb/+0 club (5)]
  1496 | D:3      | Paralysed by Ijyb for 4 turns
  1499 | D:3      | HP: 1/22 [Ijyb/+0 club (4)]
  1500 | D:3      | Slain by Ijyb

Levels and vault maps discovered:
D:1:      minmay_arrival_floating_metal, layout_rooms,
          shapermc_ecumenical_altar_venn
D:2:      layout_basic
D:3:      layout_loops_corners, nicolae_overflow_quartered_altars, uniq_ijyb

Skill      XL: |  1  2  3  4 |
---------------+-------------+-----
Dodging        | 3 4 5 |  5.0
Ranged Weapons | 5 |  5.0
Fighting       | |  1.5
Stealth        | |  1.5

Action                     |  1- 3 |  4- 6 || total
---------------------------+-------+-------++-------
   Fire: Shortbow          |   121 |    31 ||   152
    Use: Scroll            |     1 |     2 ||     3
         Potion            |       |     1 ||     1
 Armour: Robe              |    12 |    12 ||    24
  Dodge: Dodged            |    42 |     4 ||    46
  Block: Other             |       |     3 ||     3

Table legend:
 A = Non-vault XP
 B = Vault XP
 C = Vault XP percentage of total XP
 D = Non-vault monster count
 E = Vault monster count
 F = Vault count percentage of total count
                 A         B        C        D         E       F
            +---------+---------+-------+---------+---------+-------
      Total |     154 |       0 |   0.0 |      56 |       0 |   0.0
            +---------+---------+-------+---------+---------+-------
        D:1 |      55 |       0 |   0.0 |      32 |       0 |   0.0
        D:2 |      51 |       0 |   0.0 |      21 |       0 |   0.0
        D:3 |      48 |       0 |   0.0 |       3 |       0 |   0.0
            +---------+---------+-------+---------+---------+-------
